AoeStats
← tony le gros rou

Black Forest

505957612Analyzed
4v4 RM · 19d ago on Sep 11, 2026· 44m 27s· 8 players
Game mode
Random Map
Map size
Large (8 player)
Population
200
Speed
Normal
Resources
Standard
Victory
Conquest
Starting age
Dark Age
Ending age
Imperial Age
RankedLock teamsTeams togetherTeam positionsShared explorationLock speedFull tech treeHidden civsTurbo modeCheats
Victory
Defeat
🇫🇷 Vikings · France
1559
+14
🇫🇷 Saracens · France
1395
+20
🇫🇷 Britons · France
1379
+21
🇩🇪 Khmer · Germany
1360
+23
🇧🇷 Khmer · Brazil
1527
-21
🇲🇽 Maya · Mexico
1508
-20
🇧🇷 Franks · Brazil
1488
-19
🇺🇸 Bohemians · United States
1463
-18
EL MAYA
0:29 Loom
13:08 Feudal Age
18:16 Castle Age
16:38 Double-Bit Axe
22:50 Horse Collar
25:18 Wheelbarrow
26:19 Hand Cart
27:59 Heavy Plow
28:12 Bow Saw
27:57 Gold Mining
32:47 Imperial Age
31:25 Fletching
31:50 Hul'che Javelineers
32:29 Bodkin Arrow
32:23 Elite Skirmisher
33:44 Ballistics
34:14 Bracer
35:54 Chemistry
34:48 Onager
36:05 Padded Archer Armor
37:44 Conscription
Mr. Monty
0:55 Loom
11:12 Feudal Age
16:04 Castle Age
15:08 Double-Bit Axe
15:03 Horse Collar
26:30 Town Watch
35:28 Imperial Age
33:58 Bow Saw
36:15 Chemistry
37:42 Conscription
42:14 Wheelbarrow
41:29 Elite Hussite Wagon
SupeR_ Galarra_
10:48 Feudal Age
13:43 Castle Age
12:02 Double-Bit Axe
14:59 Bow Saw
18:07 Loom
21:50 Bloodlines
22:52 Wheelbarrow
23:17 Scale Barding Armor
24:03 Forging
25:53 Chain Barding Armor
26:43 Iron Casting
26:37 Gold Mining
27:02 Husbandry
31:44 Imperial Age
32:43 Gold Shaft Mining
32:55 Tusk Swords
33:16 Conscription
33:32 Plate Barding Armor
33:59 Blast Furnace
33:24 Elite Battle Elephant
42:06 Tusk Swords
Kuroko
tony le gros rou
7:11 Loom
10:26 Feudal Age
14:40 Castle Age
13:10 Double-Bit Axe
14:03 Scale Barding Armor
14:10 Forging
23:59 Gold Mining
24:40 Bloodlines
24:31 Husbandry
34:35 Imperial Age
33:29 Chain Barding Armor
33:46 Iron Casting
35:53 Plate Barding Armor
34:53 Heavy Camel Rider
36:48 Blast Furnace
37:36 Conscription
39:12 Horse Collar
39:51 Bow Saw
40:54 Heavy Plow
44:10 Wheelbarrow
ccereal
8:44 Feudal Age
9:24 Double-Bit Axe
12:15 Fletching
12:25 Padded Archer Armor
17:44 Loom
21:38 Castle Age
20:24 Horse Collar
20:34 Gold Mining
21:41 Crossbowman
22:56 Bodkin Arrow
25:19 Wheelbarrow
24:30 Town Watch
31:45 Imperial Age
31:53 Bow Saw
33:30 Bracer
34:43 Arbalester
36:25 Leather Archer Armor
37:49 Chemistry
36:45 Murder Holes
38:07 Ring Archer Armor
38:48 Conscription
39:52 Ballistics
43:24 Yeomen
p0n0n0
5:05 Loom
11:58 Feudal Age
14:48 Castle Age
13:04 Double-Bit Axe
13:26 Horse Collar
16:06 Bow Saw
17:52 Wheelbarrow
17:20 Heavy Plow
22:56 Gold Mining
25:09 Hand Cart
25:35 Gold Shaft Mining
24:52 Stone Mining
29:20 Imperial Age
27:55 Bloodlines
27:45 Husbandry
27:59 Caravan
29:27 Stone Shaft Mining
30:03 Tusk Swords
31:31 Conscription
31:34 Double Crossbow
32:49 Elite Ballista Elephant
33:58 Conscription
35:36 Ballistics
37:11 Elite Battle Elephant
Frorok
1:04 Loom
14:03 Feudal Age
18:08 Castle Age
16:17 Double-Bit Axe
16:40 Horse Collar
19:21 Bow Saw
19:58 Stone Mining
28:41 Town Watch
29:10 Fletching
29:55 Coinage
29:38 Heavy Plow
32:00 Gold Mining
38:07 Imperial Age
37:37 Masonry
37:47 Ballistics
37:24 Bodkin Arrow
37:30 Padded Archer Armor
37:32 Scale Mail Armor
37:43 Forging
39:25 Crop Rotation
40:48 Two-Man Saw
40:39 Banking
40:11 Caravan
41:09 Gold Shaft Mining
Connection lost

Rejoining the realm…

Still unreachable

The connection could not be restored.

Session expired

The server has moved on; the page needs a fresh start.